 Dungeon Crawl Stone Soup version 0.28-a0-819-g6ef7baa362 (webtiles) character file.

Game seed: 15321661465264189941

9 ragingrage the Sneak (level 2, -8/24 HPs)
             Began as a Merfolk Delver on Nov 8, 2021.
             Shot with an arrow by a centaur (12 damage)
             ... on level 5 of the Dungeon.
             The game lasted 00:00:30 (274 turns).

ragingrage the Sneak (Merfolk Delver)                Turns: 274, Time: 00:00:31

Health: -8/24      AC:  3    Str: 12    XL:     2   Next: 16%
Magic:  2/2        EV: 12    Int:  9    God:
Gold:   0          SH:  0    Dex: 15    Spells: 1/1 levels left

rFire   . . .      SeeInvis .   a - +0 spear
rCold   . . .      Faith    .   (no shield)
rNeg    . . .      Spirit   .   b - +0 leather armour
rPois   .          Reflect  .   (no helmet)
rElec   .          Harm     .   (no cloak)
rCorr   .          Rampage  .   (no gloves)
Will    .....                   (no boots)
Stlth   +++.......              (no amulet)
HPRegen 0.08/turn               (no ring)
MPRegen 0.08/turn               (no ring)

@: no status effects
A: (nimble swimmer 2), mertail
a: no special abilities


You were on level 5 of the Dungeon.
You visited 1 branch of the dungeon, and saw 2 of its levels.

Inventory:

Hand Weapons
 a - a +0 spear (weapon)
Armour
 b - a +0 leather armour (worn)
Wands
 g - a wand of digging (3)
Scrolls
 c - a scroll of fog
 d - a scroll of magic mapping
 e - a scroll of fear
Potions
 f - a potion of haste


   Skills:
 - Level 3.2 Fighting
 * Level 4.2 Polearms
 - Level 2.6 Dodging
 - Level 5.4 Stealth


You had one spell level left.
You didn't know any spells.
Your spell library was empty.

Dungeon Overview and Level Annotations

Branches:
Dungeon (6/15)
 Temple: D:4-7

Altars:

Shops:
D:5 *

Annotations:
D:5 Menkaure


Innate Abilities, Weirdness & Mutations

((You are quick and stealthy near water. (Stealth+, EV+, Speed+++)))
Your lower body shifts to a powerful aquatic tail in water.


Message History

You destroy the howler monkey skeleton!
Your Polearms skill increases to level 4!
You have reached level 2!
Unknown command.
Unknown command.
You start resting.
A bullfrog skeleton comes into view.
An orc comes into view. It is wielding a +0 club.
You start resting.
HP restored.
There is a stone staircase leading down here.
You climb downwards.
There is a stone staircase leading up here.
Unknown command.
There is a stone staircase leading up here.
You climb upwards.
There is a stone staircase leading down here.
Unknown command.
Menkaure, Prince of Dust comes into view.
Found an escape hatch in the ceiling.
Menkaure shouts!
You hear a shout!
Something unseen opens the door.
Menkaure mumbles some strange words.
Menkaure seems to speed up.
Unknown command.
A centaur comes into view.
The centaur shouts!
The centaur wields a +0 shortbow.
The centaur shoots an arrow.
The arrow closely misses you.
The centaur shoots an arrow.
The arrow barely misses you.
Menkaure calls on the powers of darkness!
Your body is wracked with pain!
The centaur shoots an arrow.
The arrow hits you!
* * * LOW HITPOINT WARNING * * *
Menkaure calls on the powers of darkness!
Your body is wracked with pain!
* * * LOW HITPOINT WARNING * * *
The centaur shoots an arrow.
The arrow hits you!
Ouch! That really hurt!
You die...

#.... #.## #.# #.#
#....##..# #.### #.#
#........###... #.#
##..#.#...##.## #.#
#.#...#......#######.#
#...∩.....#..........#
#.#...#...#.##########
#..#.#......#
##c......@...#
##....##.###.>#
#....M.#.# ####
#....#.#.# #....#.#.#
#....#.#.# #....#.#M#
#...<#...# #..M.#####


You could see a centaur.

Vanquished Creatures
  A howler monkey skeleton (D:5)
1 creature vanquished.

Notes
Turn   | Place    | Note
-------+----------+-------------------------------------------
     0 | D:5      | ragingrage the Merfolk Delver began the quest for the Orb.
     0 | D:5      | Reached XP level 1. HP: 18/18 MP: 1/1
    20 | D:5      | Reached XP level 2. HP: 9/24 MP: 2/2
   261 | D:5      | Noticed Menkaure
   272 | D:5      | Noticed a centaur
   274 | D:5      | Shot with an arrow by a centaur

Illustrated notes

Levels and vault maps discovered:
D:5:      layout_basic, minmay_temple_entry_hall, serial_shops, shop,
          nicolae_shop_overcharged_wands, uniq_menkaure
D:6:      black_bear_nest_1, layout_basic, lemuel_round_altar

Skill      XL: |  1 |
---------------+----+-----
Polearms       | 4 |  4.2
Fighting       | |  3.2
Dodging        | |  2.6
Stealth        | |  5.4

Action                   || total
-------------------------++-------
Melee: Spear             ||     8
Dodge: Dodged            ||     5

Table legend: (Time is in decaauts)
 A = Elapsed time spent in this place.
 B = Non-inter-level travel time spent in this place.
 C = Inter-level travel time spent in this place.
 D = Time resting spent in this place.
 E = Time spent auto-exploring this place.
 F = Levels seen in this place.
 G = Mean time per level.
                   A        B        C        D        E       F      G
               +--------+--------+--------+--------+--------+-----+--------+
         Total |    274 |    269 |      5 |    167 |      7 |   2 |  137.0 |
       Dungeon |    274 |    269 |      5 |    167 |      7 |   2 |  137.0 |
               +--------+--------+--------+--------+--------+-----+--------+

Top non-repeatable levels by time:
     D:5: 269 daAuts
     D:6: 4 daAuts
